 Dungeon Crawl Stone Soup version 0.21.0-25-ge575cb9 (webtiles) character file.

431 halftheisland the Covert (level 6, 0/28 HPs)
             Began as a Spriggan Enchanter on Jan 26, 2018.
             Slain by a centaur skeleton (8 damage)
             ... on level 4 of the Dungeon.
             The game lasted 00:18:23 (4478 turns).

halftheisland the Covert (Spriggan Enchanter)       Turns: 4478, Time: 00:18:24

Health: 0/28       AC:  2    Str:  5      XL:     6   Next: 67%
Magic:  0/14       EV: 19    Int: 15 (16) God:
Gold:   145        SH:  0    Dex: 17 (18) Spells: 3/15 levels left

rFire    . . .     SeeInvis +   a - +1 dagger
rCold    . . .     Gourm    .   (shield restricted)
rNeg     . . .     Faith    .   b - +0 robe
rPois    +         Spirit   .   (helmet restricted)
rElec    .         Reflect  .   (no cloak)
rCorr    .         Harm     .   (gloves unavailable)
MR       +....                  (boots unavailable)
Stlth    ++++......             (no amulet)
HPRegen  0.09/turn              d - ring of poison resistance
MPRegen  0.14/turn              (no ring)

@: very quick
A: very small, unfitting armour, see invisible, herbivore, speed 3, slow
metabolism 2
a: no special abilities


You were on level 4 of the Dungeon.
You were not hungry.

You visited 1 branch of the dungeon, and saw 4 of its levels.

You collected 145 gold pieces.

Inventory:

Hand Weapons
 a - a +1 dagger (weapon)
 e - a +0 hand axe
 f - a +1 spear of piercing
 h - a +0 dagger
 m - a +0 blowgun
Missiles
 g - 8 curare-tipped needles
 o - 17 poisoned needles
Armour
 b - a +0 robe (worn)
Jewellery
 d - a ring of poison resistance (left hand)
Scrolls
 i - 2 scrolls of remove curse
 k - 4 scrolls of identify
 n - a scroll of teleportation
 p - a scroll of blinking
Potions
 j - 2 potions of curing
 q - a potion of resistance
Books
 c - a book of Maledictions

   Spells                             Type                      Level
   a - Corona                         Hexes                        1
   b - Ensorcelled Hibernation        Hexes/Ice                    2
   c - Confuse                        Hexes                        3
   d - Tukima's Dance                 Hexes                        3
   e - Dazzling Spray                 Conjuration/Hexes            3
Comestibles
 l - 5 rations


   Skills:
 + Level 0.1 Fighting
 + Level 1.7 Short Blades
 + Level 3.4 Dodging
 * Level 8.5 Stealth
 * Level 5.1 Spellcasting
 + Level 4.7 Hexes
 + Level 1.1 Ice Magic


You had 3 spell levels left.
You knew the following spells:

 Your Spells              Type           Power        Failure   Level  Hunger
a - Corona                Hex            ###....      2%          1    None
b - Ensorcelled Hibernat  Hex/Ice        ##....       8%          2    ##.....
c - Confuse               Hex            ###.....     7%          3    ###....
d - Tukima's Dance        Hex            ###.....     7%          3    ###....
e - Dazzling Spray        Conj/Hex       ##....       19%         3    ###....


Dungeon Overview and Level Annotations

Branches:
Dungeon (4/15)
 Temple: D:4-7

Altars:
Zin


Innate Abilities, Weirdness & Mutations

You are very small and have problems with some larger weapons.
You are too small for most types of armour.
You have supernaturally acute eyesight. (SInv)
You are a herbivore.
You cover ground extremely quickly.
You need consume almost no food.


Message History

Confirm with . or Enter, or press ? or * to list all spells.
You don't know that spell.
Casting: Ensorcelled Hibernation
Confirm with . or Enter, or press ? or * to list all spells.
Aiming: Confuse
Press: ? - help, Shift-Dir - straight line, f - centaur skeleton
Aim: a centaur skeleton (chance to defeat MR: 62%)
The centaur skeleton resists with significant effort.
The centaur skeleton closely misses you.
You hit the centaur skeleton.
The centaur skeleton is lightly damaged.
The centaur skeleton hits you but does no damage.
Found a mace.
You hit the centaur skeleton.
The centaur skeleton is moderately damaged.
The centaur skeleton barely misses you.
You hit the centaur skeleton.
The centaur skeleton is moderately damaged.
The centaur skeleton hits you!
You die...

..#....†##.....##..#
..###'#.#.......#..#
......#a#.......#..#
#######....._......#
### #.#.......#..#
.. ..#
#.#.......#..# ....
..#
#.##.....##..#....)
..#
.####.####Z.......a
..+
....(..@.........
..#
.................
..#
.................
..#
.................
#.#
..........#...?.. .#
+##########.##### ..
#


You could see a centaur skeleton.

Vanquished Creatures
  An ogre (D:4)
  2 scorpions (D:4)
  2 orc wizards (D:2)
  2 worker ants (D:4)
  A hound skeleton (D:3)
  5 adders
  4 worms
  2 leopard geckos
  7 orcs
  7 bats
  3 giant cockroaches
  4 goblins
  8 hobgoblins
  7 kobolds
  A quokka (D:3)
  A ball python (D:1)
  4 frilled lizards
  A quokka skeleton (D:4)
  10 rats
72 creatures vanquished.

Notes
Turn   | Place    | Note
-------+----------+-------------------------------------------
     0 | D:1      | halftheisland the Spriggan Enchanter began the quest for the Orb.
     0 | D:1      | Reached XP level 1. HP: 9/9 MP: 5/5
   605 | D:1      | Reached XP level 2. HP: 13/13 MP: 4/7
   650 | D:1      | Learned a level 2 spell: Ensorcelled Hibernation
  1150 | D:1      | Reached skill level 5 in Stealth
  1883 | D:2      | Reached XP level 3. HP: 16/16 MP: 8/8
  2311 | D:2      | Reached XP level 4. HP: 21/21 MP: 1/10
  2569 | D:2      | Reached skill level 6 in Stealth
  2932 | D:3      | Learned a level 3 spell: Confuse
  2936 | D:3      | Learned a level 3 spell: Tukima's Dance
  2948 | D:3      | Reached XP level 5. HP: 24/24 MP: 9/12
  3297 | D:3      | Learned a level 3 spell: Dazzling Spray
  3677 | D:3      | Reached skill level 7 in Stealth
  3934 | D:4      | Noticed an ogre
  4123 | D:4      | Reached XP level 6. HP: 28/28 MP: 6/14
  4192 | D:4      | Reached skill level 8 in Stealth
  4355 | D:4      | Found a glowing silver altar of Zin.
  4385 | D:4      | Reached skill level 5 in Spellcasting
  4385 | D:4      | Reached skill level 1 in Ice Magic
  4478 | D:4      | Slain by a centaur skeleton

Skill      XL: |  1  2  3  4  5  6 |
---------------+-------------------+-----
Spellcasting   | 3 4 5 |  5.1
Hexes          | 4 |  4.7
Stealth        | 5 6 7 8 |  8.5
Ice Magic      | 1 |  1.1
Fighting       | |  0.1
Short Blades   | |  1.7
Dodging        | |  3.4

Action                   |  1- 3 |  4- 6 || total
-------------------------+-------+-------++-------
Melee: Dagger            |    71 |    70 ||   141
 Cast: Corona            |     9 |       ||     9
       Ensorcelled Hiber |    23 |    46 ||    69
       Confuse           |       |     3 ||     3
  Use: Scroll            |     7 |     3 ||    10
       Potion            |       |     6 ||     6
 Stab: Sleeping          |    21 |    34 ||    55
       Confused          |       |     3 ||     3
  Eat: Ration            |     3 |       ||     3
Armor: Robe              |     5 |     3 ||     8
Dodge: Dodged            |    60 |    47 ||   107
